 Dungeon Crawl Stone Soup version 0.18.1-6-gd335043 (webtiles) character file.

59 mopl the Sneak (level 3, -2/25 HPs)
             Began as a Vampire Transmuter on May 17, 2016.
             Shot with a stone by a goblin (4 damage)
             ... led by Robin
             ... on level 2 of the Dungeon.
             The game lasted 00:02:49 (1397 turns).

mopl the Sneak (Vampire Transmuter)                 Turns: 1397, Time: 00:02:51

Health: -2/25      AC:  2    Str:  9    XL:     3   Next: 78%
Magic:  6/6        EV: 12    Int: 15    God:
Gold:   75         SH:  0    Dex: 15    Spells: 2 memorised, 3 levels left

rFire  . . .     SeeInvis +     b - +0 hunting sling
rCold  + . .     Gourm    .     f - +0 robe
rNeg   + + .     Faith    .     (no shield)
rPois  +         Spirit   .     (no helmet)
rElec  .         Dismiss  .     (no cloak)
rCorr  .         Reflect  .     (no gloves)
SustAt .         Harm     .     (no boots)
MR     .....     Rnd*Tele +     (no amulet)
Stlth  +++.......               (no ring)
                                e - ring of teleportation (curse)

@: regenerating slowly, not resistant to hostile enchantments, fairly stealthy
A: fangs 3, see invisible, unbreathing
a: Bat Form


You were on level 2 of the Dungeon.
You were very thirsty.

You visited 1 branch of the dungeon, and saw 2 of its levels.

You collected 75 gold pieces.

Inventory:

Hand Weapons
 b - a +0 hunting sling (weapon)
 l - a +0 dagger
Missiles
 a - 40 arrows
 i - 69 stones (quivered)
Armour
 f - a +0 robe (worn)
Jewellery
 e - a cursed ring of teleportation (left hand)
Scrolls
 g - 2 scrolls of identify {unknown}
 h - 3 scrolls of remove curse {unknown}
 j - 2 scrolls of teleportation {unknown}
Potions
 d - 9 potions of blood
 k - a potion of curing {unknown}
 m - 2 potions of degeneration {unknown}
Books
 c - a book of Changes

   Spells                             Type                      Level
   a - Beastly Appendage              Transmutation                1
   b - Sticks to Snakes               Transmutation                2
   c - Spider Form                    Transmutation/Poison         3
   d - Ice Form                       Ice/Transmutation            4
   e - Blade Hands                    Transmutation                5


   Skills:
 - Level 0.8 Fighting
 + Level 0.9 Short Blades
 - Level 2.1 Dodging
 * Level 5.3 Stealth
 - Level 3.2 Unarmed Combat
 - Level 2.0 Spellcasting
 - Level 2.1 Transmutations


You had 3 spell levels left.
You knew the following spells:

 Your Spells              Type           Power        Failure   Level  Hunger
a - Beastly Appendage     Trmt           #.....       12%         1    #......
w - Sticks to Snakes      Trmt           #.......     14%         2    ###....


Dungeon Overview and Level Annotations

Branches:
Dungeon (2/15)

Altars:
Dithmenos

Annotations:
D:2 Robin


Innate Abilities, Weirdness & Mutations

You heal slowly.
You have razor-sharp teeth.
You have supernaturally acute eyesight.
You can survive without breathing.


Message History

You shoot a stone. The stone hits the goblin.
You kill the goblin!
Unknown command.
The goblin shouts!
Items here: ( )) †† an uncursed hunting sling; an uncursed club; 10 stones; a goblin corpse a bat corpse Drink which item? (? for menu, Esc to quit)
Okay, then.
Use e to drain blood from corpses.
A hobgoblin comes into view.
The hobgoblin moves out of view. 4 goblins come into view.
The hobgoblin no longer looks unusually strong.
The goblin no longer looks unusually strong.
Robin roars a battlecry!
The goblin goes into a battle-frenzy!
The goblin wields a hunting sling.
The goblin shoots a stone.
The stone hits you.
You die...

.......(....###........##
.###...#..#†.##.....#..#
###.##.##..#.###.##..# #.
#.###...# #.# #.#
#.##....#..# #.. .#
#......(..####### ##
######.#((g########
#....gg(gg.).#######
####@#######.......#
#.g.g..g........#
###########.....# #######


You could see Robin, 2 hobgoblins and 5 goblins.

Vanquished Creatures
  An adder (D:2)
  An ooze (D:1)
  A giant gecko (D:1)
  2 giant cockroaches (D:1)
  5 hobgoblins
  11 jackals
  3 kobolds
  9 bats
  3 giant newts
  3 goblins
  3 rats
42 creatures vanquished.

Vanquished Creatures (others)
  A hobgoblin (D:1)
1 creature vanquished.

Grand Total: 43 creatures vanquished

Notes
Turn   | Place    | Note
--------------------------------------------------------------
     0 | D:1      | mopl the Vampire Transmuter began the quest for the Orb.
     0 | D:1      | Reached XP level 1. HP: 14/14 MP: 3/3
    25 | D:1      | Reached skill level 1 in Stealth
   108 | D:1      | Reached skill level 2 in Stealth
   149 | D:1      | Reached XP level 2. HP: 8/20 MP: 5/5
   153 | D:1      | Learned a level 2 spell: Sticks to Snakes
   350 | D:1      | Reached skill level 3 in Stealth
   541 | D:1      | Reached skill level 4 in Stealth
   956 | D:1      | Reached XP level 3. HP: 23/25 MP: 6/6
  1272 | D:2      | Reached skill level 5 in Stealth
  1298 | D:2      | Found a faded altar to an unknown god.
  1319 | D:2      | Noticed Robin
  1322 | D:2      | Became a worshipper of Dithmenos the Shadowed
  1322 | D:2      | Reached * piety under Dithmenos
  1322 | D:2      | Fell from the grace of Dithmenos
  1386 | D:2      | HP: 1/25 [Robin/goblin (1)]
  1397 | D:2      | Shot with a stone by a goblin

Skill      XL: |  1  2  3 |
---------------+----------+-----
Stealth        | 2 4 5 |  5.3
Fighting       | |  0.8
Short Blades   | |  0.9
Dodging        | |  2.1
Unarmed Combat | |  3.2
Spellcasting   | |  2.0
Transmutations | |  2.1

Action                   || total
-------------------------++-------
Melee: Unarmed           ||    47
       Bite              ||     4
 Fire: Hunting sling     ||    90
Invok: Renounce Religion ||     1
 Stab: Sleeping          ||     2
Armor: Robe              ||    27
Dodge: Dodged            ||    91
